 Dungeon Crawl Stone Soup version 0.29.0-4-gdea44cf6ec (webtiles) character file.

Game seed: 3177010467009086345

81 qw the Sneak (level 4, 0/28 HPs)
             Began as a Gargoyle Delver on Sept 10, 2022.
             Slain by Sigmund
             ... wielding a +0 scythe
              (2 damage)
             ... on level 2 of the Dungeon.
             The game lasted 00:00:42 (1867 turns).

qw the Sneak (Gargoyle Delver)                      Turns: 1867, Time: 00:00:43

Health: 0/28       AC:  9    Str: 17    XL:     4   Next: 42%
Magic:  4/4        EV: 11    Int: 11    God:
Gold:   134        SH:  0    Dex: 11    Spells: 3/3 levels left

rFire   . . .      SeeInvis .   Y - +0 war axe (chaos)
rCold   . . .      Faith    .   (no shield)
rNeg    + . .      Spirit   .   b - +0 leather armour
rPois   inf        Reflect  .   d - +0 helmet
rElec   +          Harm     .   i - +1 cloak
rCorr   .          Rampage  .   (no gloves)
Will    .....                   (no boots)
Stlth   +++.......              (no amulet)
HPRegen 0.09/turn               (no ring)
MPRegen 0.09/turn               (no ring)

@: no status effects
A: sickness immunity, AC +3, negative energy resistance 1, electricity
resistance, torment resistance 1, petrification resistance
a: no special abilities


You were on level 2 of the Dungeon.
You visited 1 branch of the dungeon, and saw 5 of its levels.

You collected 134 gold pieces.


Innate Abilities, Weirdness & Mutations

You are immune to sickness and miasma.
Your stone body is resilient. (AC +3)
You are immune to poison.
You resist negative energy. (rN+)
You are resistant to electric shocks. (rElec)
You are resistant to unholy torment.
You are immune to petrification.


   Skills:
 - Level 3.2 Fighting
 + Level 4.0 Axes
 - Level 1.0 Armour
 - Level 1.5 Dodging
 - Level 5.4 Stealth


You had 3 spell levels left.
You didn't know any spells.
Your spell library was empty.

Inventory:

Hand Weapons
 m - a +0 mace
 Y - a +0 war axe of chaos (weapon)
Armour
 b - a +0 leather armour (worn)
 d - a +0 helmet (worn)
 i - a +1 cloak (worn)
Wands
 g - a wand of digging (3)
Scrolls
 j - a scroll of identify
Potions
 f - 2 potions of haste
 h - a potion of curing {unknown}

Dungeon Overview and Level Annotations

Branches:
Dungeon (5/15)
 Temple: D:4-7

Altars:

Annotations:
D:2 Sigmund


Message History

Sigmund completely misses you.
You slash Sigmund! You freeze Sigmund.
Sigmund is almost dead.
Sigmund casts a spell at you.
You are confused.
You bump into the rock wall.
Sigmund closely misses you.
Sigmund falters for a moment.
You closely miss Sigmund.
Sigmund is almost dead.
Sigmund hits you with a +0 scythe.
You barely miss Sigmund.
Sigmund is almost dead.
Sigmund's magic is no longer disrupted.
Sigmund casts a spell at you. The puff of flame hits you.
You closely miss Sigmund.
Sigmund is almost dead.
Sigmund gestures wildly while chanting.
Sigmund flickers and vanishes!
Deactivating autopickup; reactivate with Ctrl-A.
You're too confused to attack without stumbling around!
There is a strange disturbance nearby!
Something hits you.
You're too confused to attack without stumbling around!
There is a strange disturbance nearby!
You feel less confused.
You closely miss something. Something hits you!
You miss something. Something hits you.
You closely miss something. Something hits you.
You closely miss something.
You hear some strange, mumbled words.
A magic dart appears from out of thin air!
The magic dart hits you.
You completely miss something. Something hits you.
You die...

####...###########..#.##
+.......................
###........#######...###
#.#.####.# #..## #.#.#
#.# #.## #.#.####.# #.#
#+# #..#..##.# #.# #.#
#.#.#.##.# #.##### #.#
#....@...# #.....# ##.##
#####{#### #......
##...## #.# #.###.#
##.....# #.# #.# #.#
.##...## #.# #.# #.#
......####### #.# #.#
#.. ####......... ..#
#.# ### #.######## ###
#.# #.# #.#####


There were no monsters in sight!

Vanquished Creatures
  3 adders
  A gnoll (D:1)
  A shadow imp (D:4)
  3 ball pythons
  3 endoplasms
  5 giant cockroaches
  5 goblins
  4 hobgoblins
  A quokka (D:1)
  3 bats
  A kobold (D:1)
  5 rats
35 creatures vanquished.

Vanquished Creatures (others)
  12 plants (D:3)
12 creatures vanquished.

Grand Total: 47 creatures vanquished

Notes
Turn   | Place    | Note
-------+----------+-------------------------------------------
     0 | D:5      | qw the Gargoyle Delver began the quest for the Orb.
     0 | D:5      | Reached XP level 1. HP: 14/14 MP: 1/1
     0 | D:5      | 0 ||| qw: Version: 0.1-a-116-g5d60599
     0 | D:5      | 0 ||| qw: Game counter: 8669
     0 | D:5      | 0 ||| qw: Always use a shield: true
     0 | D:5      | 0 ||| qw: God list: Okawaru
     0 | D:5      | 0 ||| qw: Allow faded altars: false
     0 | D:5      | 0 ||| qw: Do Orc after D:15 true
     0 | D:5      | 0 ||| qw: Do second Lair branch before Depths: true
     0 | D:5      | 0 ||| qw: Lair rune preference: random
     0 | D:5      | 0 ||| qw: Plans: Normal
     0 | D:5      | 0 ||| PLANNING D:1-11
    39 | D:5      | 39 ||| UPGRADING to +1 cloak.
    44 | D:5      | 44 ||| DROPPING scroll of fog.
    45 | D:5      | 45 ||| DROPPING scroll of magic mapping.
    46 | D:5      | 46 ||| DROPPING scroll of fear.
    73 | D:4      | Reached XP level 2. HP: 18/19 MP: 2/2
    96 | D:4      | HP: 4/19 [shadow imp (1)]
   401 | D:3      | Reached skill level 3 in Axes
   432 | D:3      | Reached XP level 3. HP: 19/23 MP: 3/3
   519 | D:3      | 519 ||| Stepping ~*~*~tactically~*~*~ (stealth).
   541 | D:3      | 541 ||| Stepping ~*~*~tactically~*~*~ (stealth).
   542 | D:3      | 542 ||| Stepping ~*~*~tactically~*~*~ (stealth).
   543 | D:3      | 543 ||| Stepping ~*~*~tactically~*~*~ (stealth).
  1055 | D:1      | 1055 ||| DROPPING +0 club.
  1260 | D:1      | 1260 ||| SWAPPING to +0 war axe.
  1261 | D:1      | 1261 ||| DROPPING +0 hand axe.
  1269 | D:1      | Reached XP level 4. HP: 17/28 MP: 4/4
  1497 | D:1      | 1497 ||| UPGRADING to +0 helmet.
  1502 | D:1      | 1502 ||| READING scroll labelled ESTREQ DEME.
  1503 | D:1      | 1503 ||| READING scroll labelled YDAMOM ETZIOS.
  1508 | D:1      | 1508 ||| READING 2 scrolls labelled BOIZUO FAIGA.
  1509 | D:1      | 1509 ||| READING scroll labelled URIRGH BIEMIWN.
  1510 | D:1      | 1510 ||| READING scroll labelled WUNKIROCYUKH.
  1797 | D:2      | Reached skill level 1 in Armour
  1850 | D:2      | Noticed Sigmund
  1864 | D:2      | HP: 4/28 [something (4)]
  1867 | D:2      | Slain by Sigmund

Levels and vault maps discovered:
D:1:      eino_arrival_water_star, layout_basic, minmay_misc_feat_secret_circle,
          hex_tiny
D:2:      layout_loops_corners, uniq_sigmund
D:3:      layout_rooms, gammafunk_ghost_smash, nicolae_ecumenical_pavilion,
          grunt_decor_junction, eino_tiny_chamber, nrook_loot_triangle,
          serial_bayou_lagoon_b
D:4:      layout_loops_corners, serial_shops, shop
D:5:      layout_cave_pods

Skill      XL: |  1  2  3  4 |
---------------+-------------+-----
Axes           | 2 3 4 |  4.0
Armour         | 1 |  1.0
Fighting       | |  3.2
Dodging        | |  1.5
Stealth        | |  5.4

Action                   |  1- 3 |  4- 6 || total
-------------------------+-------+-------++-------
Melee: Hand axe          |    86 |       ||    86
       War axe           |     4 |    20 ||    24
Throw: Boomerang         |     6 |    10 ||    16
  Use: Scroll            |       |     5 ||     5
 Stab: Sleeping          |       |     1 ||     1
Armor: Leather armour    |    40 |     3 ||    43
Dodge: Dodged            |    42 |     5 ||    47

Table legend:
 A = Non-vault XP
 B = Vault XP
 C = Vault XP percentage of total XP
 D = Non-vault monster count
 E = Vault monster count
 F = Vault count percentage of total count
                 A         B        C        D         E       F
            +---------+---------+-------+---------+---------+-------
      Total |     117 |       0 |   0.0 |      35 |       0 |   0.0
            +---------+---------+-------+---------+---------+-------
        D:1 |      36 |       0 |   0.0 |      14 |       0 |   0.0
        D:2 |      24 |       0 |   0.0 |       8 |       0 |   0.0
        D:3 |      32 |       0 |   0.0 |      11 |       0 |   0.0
        D:4 |      25 |       0 |   0.0 |       2 |       0 |   0.0
            +---------+---------+-------+---------+---------+-------
